 Dungeon Crawl Stone Soup version 0.30-b1-2-g02819fbbbe (webtiles) character file.

Game seed: 7878973680260009331

119266 LLlMATKO the Severer (level 16, -13/154 HPs)
             Began as a Minotaur Berserker on Oct 4, 2023.
             Was a High Priest of Trog.
             Mangled by a faun
             ... wielding a +0 club
             ... led by a satyr
              (15 damage)
             ... on level 2 of the Shoals on Oct 5, 2023.
             The game lasted 00:26:25 (24496 turns).

LLlMATKO the Severer (Minotaur Berserker)          Turns: 24496, Time: 00:26:26

Health: -13/154    AC: 30    Str: 27    XL:     16   Next: 27%
Magic:  15/15      EV: 11    Int:  7    God:    Trog [*****.]
Gold:   1665       SH: 19    Dex: 14    Spells: 15/15 levels left

rFire   + + .        v - +5 broad axe (heavy)
rCold   + + .        u - +2 kite shield {rF+}
rNeg    . . .        j - +1 gold dragon scales
rPois   +            N - +1 hat of Bedevilment {+Inv rC+ Int+3 Stlth+}
rElec   .            A - +0 cloak
rCorr   .            K - +2 pair of gloves
SInv    .            z - +0 pair of boots "Vasom" {rPois Str-2 Dex+3 Stlth+}
Will    .....        c - amulet of reflection Stlth
                     w - ring of flight
HPRegen 0.45/turn    d - ring of poison resistance
MPRegen 0.14/turn

%: reflection
@: lit by a corona, weak-willed, afraid, flying, glowing
A: horns 2, retaliatory headbutt
a: Renounce Religion, Evoke Invisibility, Berserk, Trog's Hand, Brothers in Arms


You were on level 2 of the Shoals.
You worshipped Trog.
Trog was extremely pleased with you.
You visited 4 branches of the dungeon, and saw 23 of its levels.
You also visited: Sewer and Ice Cave.

You collected 2312 gold pieces.
You spent 647 gold pieces at shops.

Inventory:

Hand Weapons
 a - a +7 broad axe of electrocution
 v - a +5 heavy broad axe (weapon)
 C - a +2 whip of venom
 R - a +0 broad axe
 X - a +2 antimagic executioner's axe
Missiles
 e - 19 javelins (quivered)
 x - 18 poisoned darts
 B - 9 curare-tipped darts
 I - 8 throwing nets
Armour
 j - +1 gold dragon scales (worn)
 u - a +2 kite shield of fire resistance (worn)
 z - the +0 pair of boots "Vasom" (worn) {rPois Str-2 Dex+3 Stlth+}
   (You found it on level 4 of the Dungeon)

   Str:       It affects your strength (-2).
   Dex:       It affects your dexterity (+3).
   rPois:     It protects you from poison.
   Stlth:     It makes you more stealthy.
 A - a +0 cloak (worn)
 K - a +2 pair of gloves (worn)
 N - the +1 hat of Bedevilment (worn) {+Inv rC+ Int+3 Stlth+}
   (You found it on level 13 of the Dungeon)

   Int:       It affects your intelligence (+3).
   rC:        It protects you from cold.
   +Inv:      It lets you turn invisible.
   Stlth:     It makes you more stealthy.
Jewellery
 c - an amulet of reflection (around neck)
 d - a ring of poison resistance (right hand)
 f - a ring of protection from cold
 m - a ring of resist corrosion
 t - the amulet "Efiupas" {rElec rN+ Regen+}
   (You found it on level 5 of the Lair of Beasts)

   [amulet of regeneration]

   rElec:     It insulates you from electricity.
   rN:        It protects you from negative energy.
   Regen:     It increases your rate of health regeneration.
 w - a ring of flight (left hand)
 E - a +6 ring of dexterity
 F - a ring of protection from cold
 Q - a +6 ring of strength
 V - a ring of positive energy
 Y - a ring of ice
 Z - a ring of see invisible
Wands
 l - a wand of iceblast (27)
 p - a wand of flame (30)
 s - a wand of quicksilver (17)
 J - a wand of polymorph (4)
 S - a wand of digging (26)
 U - a wand of paralysis (2)
Scrolls
 n - a scroll of fear
 o - 13 scrolls of identify
 q - 4 scrolls of blinking
 y - 2 scrolls of enchant weapon
 D - 2 scrolls of magic mapping
 H - 4 scrolls of butterflies
 M - 6 scrolls of poison
 O - 4 scrolls of enchant armour
Potions
 b - 4 potions of invisibility
 g - 7 potions of flight
 h - a potion of cancellation
 i - 4 potions of might
 k - 7 potions of curing
 r - a potion of berserk rage
 G - 6 potions of heal wounds
 L - 5 potions of haste
 T - a potion of resistance


   Skills:
 + Level 16.8 Fighting
 + Level 16.9 Axes
 + Level 16.6 Armour
 + Level 15.4 Dodging
 + Level 13.3 Shields


You had 15 spell levels left.
You didn't know any spells.
Your spell library was empty.

Dungeon Overview and Level Annotations

Branches:
Dungeon (14/15)            Temple (0/1) D:4            Lair (5/5) D:9
 Shoals (2/4) Lair:2        Snake (0/4) Lair:3        Slime (0/5) Lair:5
    Orc (2/2) D:11            Elf (0/3) Orc:2        Vaults (0/5) D:13
  Sewer (visited)           IceCv (visited)

Altars:
Ashenzari
Dithmenos
Gozag
Hepliaklqana
Uskayaw
Wu Jian
Jiyva

Shops:
D:3 !   D:4 *   Orc:2 =?=(

Annotations:
Lair:1 3 runed translucent doors, gengagingus's ghost, novice MiBe


Innate Abilities, Weirdness & Mutations

You have a pair of horns on your head.
You reflexively headbutt those who attack you in melee.


Message History

Trog accepts your kill.
Trog appreciates your killing of a magic user.
You hear a splash. x2
The faun no longer looks unusually strong.
The faun unwields a +0 spear.
The faun wields a +0 sling.
The faun shoots a sling bullet.
You block the sling bullet with an invisible shield... and reflect it back!
The sling bullet closely misses the faun.
The satyr plays a lulling melody on his pipes!
You fall asleep.
The faun hits you with a +0 club!!
You wake up.
* * * LOW HITPOINT WARNING * * *
Unknown command.
You are too terrified to rage.
Unknown command.
You attempt to attack the satyr, but flinch away in fear!
The faun hits you with a +0 club.
* * * LOW HITPOINT WARNING * * *
The satyr shoots an arrow.
You block the arrow with an invisible shield... and reflect it back!
The arrow hits the satyr!!
The faun unwields a +0 sling.
The faun wields a +0 club.
The faun hits you with a +0 club!!
* * * LOW HITPOINT WARNING * * *
The faun shoots a sling bullet.
You block the sling bullet with an invisible shield... and reflect it back!
The sling bullet barely misses the faun.
The faun unwields a +0 sling.
The faun wields a +0 spear.
The faun splashes around in the water.
The faun unwields a +0 sling.
The faun wields a +0 club.
The faun misses you.
Unknown command.
You attempt to attack the satyr, but flinch away in fear!
The faun shoots a sling bullet.
The sling bullet hits you!
* * * LOW HITPOINT WARNING * * *
The satyr plays a rousing melody on his pipes!
The faun goes into a battle-frenzy!
The faun hits you but does no damage. The faun hits you with a +0 club.
* * * LOW HITPOINT WARNING * * *
You block the faun's attack. x2; The satyr shoots an arrow.
The arrow hits you but does no damage. The faun hits you with a +0 club!
You die...

≈≈≈≈ #..~~≈≈≈≈≈ ≈≈≈≈~.
#.~~~≈≈≈≈≈ ~~~~~.
##.~~~≈≈≈≈≈ ~~~~~.#
###...~~≈≈≈≈≈
~~~~~~.###....~~~≈≈≈≈≈
#..~~~........~~~≈≈≈≈
....~~~~.....~~~≈≈≈≈≈
#..~~~cc)~~~~~~~~≈≈≈≈
..~~~~c@c~~~~~~~~≈≈≈≈
..~~~~c~.#.~~~~~~≈≈≈≈
~~~~~~~c##..~~~~~≈≈≈≈
~~~~~~~.....~~~~~≈≈≈
~~~~..~~.###..~~≈≈≈
≈≈~~~~~..# .(~~≈≈
≈≈≈~~~~..# ..~~≈
≈≈≈≈~~~~..


You could see a satyr (scary) and 5 fauns.

Vanquished Creatures
  Jorgrun (Orc:2)
  A kraken (Shoals:1)
  2 orc warlords
  Nessos (D:13)
  Snorg (Orc:2)
  Fannar (Lair:3)
  Harold (D:11)
  A fire dragon (D:11)
  5 hydras
  3 ogre magi
  A merfolk avatar (Shoals:1)
  3 boulder beetles
  A merfolk aquamancer (Shoals:1)
  5 centaur warriors
  4 catoblepae
  12 two-headed ogres
  8 death yaks (Lair:5)
  3 tengu warriors (D:14)
  Urug (D:13)
  Sonja (D:13)
  5 skysharks
  3 skeletal warriors (D:12)
  A fire crab (shapeshifter) (D:14)
  An iron troll (Orc:2)
  A deep troll (Orc:2)
  2 sea snakes (Shoals:1)
  An orc knight (Orc:2)
  7 deep elf pyromancers
  3 harpies (Shoals:1)
  Pikel (D:8)
  A wizard (D:14)
  5 orc sorcerers
  11 ugly things
  2 necromancers
  3 fauns
  7 manticores
  9 cyclopes
  12 elephants
  A water nymph (Shoals:1)
  3 merfolk sirens
  An ice statue (IceCv)
  Maurice (D:13)
  3 black mambas
  3 torpor snails
  3 gargoyles
  6 cane toads
  Maggie (D:8)
  A yaktaur (D:14)
  3 rime drakes
  An unseen horror (D:11)
  An efreet (D:14)
  8 komodo dragons
  A tengu conjurer (D:14)
  3 freezing wraiths (IceCv)
  An anaconda simulacrum (IceCv)
  12 ice devils (IceCv)
  12 trolls
  9 merfolk
  4 polar bears
  2 wind drakes
  2 hornets
  6 snapping turtles
  8 blink frogs
  A centaur simulacrum (D:14)
  10 dream sheep
  6 slime creatures
  3 shadows
  3 wraiths
  3 wyverns
  A vampire (D:9)
  4 water elementals (Shoals:1)
  48 yaks
  5 dire elephant simulacra (IceCv)
  A basilisk (Lair:5)
  2 steam dragons (D:9)
  9 vampire mosquitoes
  5 death yak simulacra (IceCv)
  5 wargs
  2 acid dragons (D:12)
  4 nagas (Lair:3)
  Edmund (D:5)
  15 water moccasins
  A hydra simulacrum (IceCv)
  A black bear (D:5)
  2 ice beasts
  30 orc warriors
  25 ogres
  3 boggarts (D:14)
  8 centaurs
  16 wolves
  A lemure (D:8)
  2 phantoms (D:5)
  2 kobold brigands
  A gnoll sergeant (D:10)
  4 scorpions
  Blork the orc (D:6)
  10 bullfrogs
  2 two-headed ogre simulacra
  5 cane toad simulacra
  4 wights (D:8)
  10 killer bees (D:9)
  3 elephant simulacra
  6 howler monkeys
  An electric eel (Lair:5)
  4 jellies
  6 hounds
  4 iguanas
  11 orc priests
  2 gnoll boudas
  19 orc wizards
  2 sleepcaps
  4 polar bear simulacra (IceCv)
  A troll simulacrum (IceCv)
  2 wolf simulacra (IceCv)
  12 gnolls
  7 adders
  A naga simulacrum (Orc:1)
  A river rat (Sewer)
  3 white imps
  2 ufetubi (IceCv)
  A worm (Sewer)
  3 dart slugs
  86 orcs
  7 ball pythons
  6 bats
  19 endoplasms
  10 giant cockroaches
  5 goblins
  13 hobgoblins
  7 jackals
  21 kobolds
  4 quokkas
  6 frilled lizards
  10 rats
772 creatures vanquished.

Vanquished Creatures (collateral kills)
  An orc knight (Orc:1)
  A cyclops (D:14)
  A death yak simulacrum (Orc:1)
  An orc warrior (Orc:1)
  A cane toad simulacrum (Orc:1)
  An elephant simulacrum (IceCv)
  A spriggan simulacrum (Orc:1)
  2 wolf simulacra (IceCv)
  A naga simulacrum (Orc:1)
  3 orcs (Orc:1)
13 creatures vanquished.

Vanquished Creatures (others)
  A steam dragon (D:9)
  A boggart (D:14)
  An orc wizard (D:10)
  26 fungi
  45 plants
  4 tentacles (Shoals:1)
78 creatures vanquished.

Grand Total: 863 creatures vanquished

Notes
Turn   | Place    | Note
-------+----------+-------------------------------------------
     0 | D:1      | LLlMATKO the Minotaur Berserker began the quest for the
                  | Orb.
     0 | D:1      | Reached XP level 1. HP: 19/19 MP: 0/0
   320 | D:1      | Reached XP level 2. HP: 22/27 MP: 1/1
   535 | D:1      | Reached XP level 3. HP: 26/33 MP: 2/2
   781 | D:1      | Reached ** piety under Trog
  1197 | D:2      | Found a broken altar of Ashenzari.
  1285 | D:2      | Identified the +10 short sword "Zyvvoeq" {protect, +Blink
                  | Str+4 Dex+3 Stlth+}
  1727 | D:3      | Reached XP level 4. HP: 40/40 MP: 3/3
  1837 | D:3      | Found a hide-covered altar of Uskayaw.
  2145 | D:3      | Found Litatuam's Distillery.
  2662 | D:4      | Found Tiyhut's Assorted Antiques.
  2716 | D:4      | Reached XP level 5. HP: 30/47 MP: 4/4
  2807 | D:4      | Identified the +0 pair of boots "Vasom" {rPois Str-2 Dex+3
                  | Stlth+}
  2863 | D:4      | Found an opulent altar of Gozag.
  2863 | D:4      | Found a shadowy altar of Dithmenos.
  2920 | D:4      | Reached skill level 5 in Axes
  3029 | D:4      | Reached skill level 5 in Fighting
  3087 | D:4      | Reached XP level 6. HP: 47/56 MP: 5/5
  3093 | D:4      | Reached *** piety under Trog
  3179 | D:4      | Noticed an ice beast
  3186 | D:4      | Killed an ice beast
  3441 | D:4      | Found a staircase to the Ecumenical Temple.
  3925 | D:5      | Entered Level 5 of the Dungeon
  3956 | D:5      | Identified a scroll of acquirement
  3956 | D:5      | Acquired a +6 broad axe of electrocution
  4015 | D:5      | Reached skill level 5 in Armour
  4040 | D:5      | Reached XP level 7. HP: 58/62 MP: 6/6
  4056 | D:5      | Reached skill level 5 in Dodging
  4094 | D:5      | Found a glowing drain.
  4115 | Sewer    | Entered a sewer
  4233 | Sewer    | Reached **** piety under Trog
  4299 | Sewer    | Found a shimmering altar of Xom.
  4548 | D:5      | Reached XP level 8. HP: 71/71 MP: 7/7
  4561 | D:5      | Noticed Edmund
  4566 | D:5      | Killed Edmund
  5653 | D:6      | Found a hazy altar of Hepliaklqana.
  5764 | D:6      | Noticed Blork the orc
  5771 | D:6      | Killed Blork the orc
  6401 | D:7      | Reached XP level 9. HP: 66/81 MP: 8/8
  6963 | D:8      | Reached ***** piety under Trog
  7083 | D:8      | Noticed Maggie
  7090 | D:8      | Killed Maggie
  7430 | D:8      | Noticed Pikel
  7441 | D:8      | Killed Pikel
  7828 | D:9      | Reached XP level 10. HP: 91/91 MP: 9/9
  8187 | D:9      | Found a staircase to the Lair.
  8191 | D:9      | Reached skill level 10 in Axes
  8269 | D:9      | Noticed a two-headed ogre
  8274 | D:9      | Killed a two-headed ogre
  8275 | D:9      | Reached skill level 10 in Fighting
  8278 | D:9      | Reached skill level 10 in Armour
  9008 | D:10     | Entered Level 10 of the Dungeon
  9064 | D:10     | Reached XP level 11. HP: 76/101 MP: 10/10
  9560 | D:10     | Found an ornate altar of the Wu Jian Council.
  9782 | Lair:1   | Entered Level 1 of the Lair of Beasts
  9791 | Lair:1   | Reached skill level 1 in Shields
  9819 | Lair:1   | Found a runed translucent gate.
  9821 | Lair:1   | Found a runed translucent gate.
  9821 | Lair:1   | Noticed gengagingus's ghost (novice MiBe)
  9821 | Lair:1   | Noticed a ten-headed hydra
  9822 | Lair:1   | Found a runed translucent gate.
 10009 | Lair:1   | Reached skill level 10 in Dodging
 10929 | Lair:2   | Noticed a six-headed hydra
 10940 | Lair:2   | Killed a seven-headed hydra
 11009 | Lair:2   | Noticed a skyshark
 11193 | Lair:2   | Killed a skyshark
 11430 | Lair:2   | Found a staircase to the Shoals.
 11572 | Lair:2   | Received a gift from Trog
 11644 | Lair:2   | Identified the +1 robe "Lucleidi" {Contam rElec Dex+6
                  | Stlth+}
 11713 | Lair:2   | Reached XP level 12. HP: 112/112 MP: 11/11
 12097 | Lair:3   | Reached skill level 5 in Shields
 12124 | Lair:3   | Noticed a catoblepas
 12137 | Lair:3   | Killed a catoblepas
 12256 | Lair:3   | Found a staircase to the Snake Pit.
 12516 | Lair:3   | Noticed Fannar
 12530 | Lair:3   | Killed Fannar
 13278 | Lair:4   | Identified the +4 great sword of Dotrahax {heavy, rElec
                  | rPois Will- Str+3 Int+2}
 13931 | Lair:5   | Entered Level 5 of the Lair of Beasts
 13934 | Lair:5   | Found a staircase to the Slime Pits.
 13934 | Lair:5   | Found a viscous altar of Jiyva.
 14104 | Lair:5   | Noticed a death yak
 14106 | Lair:5   | Noticed a death yak
 14110 | Lair:5   | Reached XP level 13. HP: 122/122 MP: 12/12
 14587 | Lair:5   | Reached ****** piety under Trog
 15284 | Lair:5   | Found the +3 salamander hide armour {Flames, rFlCloud rF++
                  | rC--}
 15418 | Lair:5   | Identified the amulet "Efiupas" {rElec rN+ Regen+}
 15928 | D:11     | Found a staircase to the Orcish Mines.
 16008 | D:11     | Reached XP level 14. HP: 133/133 MP: 13/13
 16012 | D:11     | Noticed Harold
 16020 | D:11     | Killed Harold
 17207 | D:12     | Reached skill level 10 in Shields
 17416 | D:12     | Received a gift from Trog
 18017 | Orc:1    | Entered Level 1 of the Orcish Mines
 18026 | Orc:1    | Paralysed by an orc sorcerer for 3 turns
 18064 | Orc:2    | Entered Level 2 of the Orcish Mines
 18066 | Orc:2    | Noticed Jorgrun
 18078 | Orc:2    | Killed Jorgrun
 18086 | Orc:2    | Noticed Snorg
 18089 | Orc:2    | Noticed an orc warlord
 18155 | Orc:2    | Reached skill level 15 in Axes
 18161 | Orc:2    | Reached skill level 15 in Fighting
 18178 | Orc:2    | Reached skill level 15 in Armour
 18178 | Orc:2    | Received a gift from Trog
 18190 | Orc:2    | Killed Snorg
 18200 | Orc:2    | Killed an orc warlord
 18324 | Orc:1    | Found a frozen archway.
 18340 | IceCv    | Entered an ice cave
 18684 | IceCv    | Found an ancient bone altar of Kikubaaqudgha.
 18695 | IceCv    | Reached XP level 15. HP: 136/141 MP: 14/14
 18699 | IceCv    | Received a gift from Trog
 18699 | IceCv    | Found the +7 lajatang of Order {silver, rMut}
 18830 | IceCv    | Identified the +8 spear of Impeachment {flame, Str+3 Dex+2}
 18938 | IceCv    | Found the +8 frozen axe "Frostbite" {freeze, freezing
                  | cloud, *Noise Fly rC+}
 19114 | Orc:2    | Found Pijan's Weapon Emporium.
 19169 | Orc:2    | Found Qeneif's Magic Scroll Shoppe.
 19170 | Orc:2    | Found Leopoel's Jewellery Boutique.
 19180 | Orc:2    | Found Woarchib's Jewellery Shoppe.
 19319 | Orc:2    | Found a staircase to the Elven Halls.
 20002 | D:13     | Noticed Maurice
 20009 | D:13     | Killed Maurice
 20009 | D:13     | Received a gift from Trog
 20090 | D:13     | Identified the staff of death "Odevuph" {rN+ Stlth+}
 20090 | D:13     | Identified the +1 hat of Bedevilment {+Inv rC+ Int+3
                  | Stlth+}
 20090 | D:13     | Identified the +7 hand axe of the Eight Planets {holy,
                  | *Rage Will+ Dex+3}
 20518 | D:13     | Noticed Nessos
 20531 | D:13     | Killed Nessos
 20634 | D:13     | Noticed Sonja
 20645 | D:13     | Killed Sonja
 20753 | D:13     | Found a gate to the Vaults.
 20755 | D:13     | Paralysed by something for 3 turns
 21321 | D:13     | Noticed Urug
 21326 | D:13     | Killed Urug
 21658 | Orc:2    | Bought an amulet of reflection for 420 gold pieces
 22161 | D:14     | Identified the +8 whip "Ogag" {vamp, rCorr}
 22185 | D:14     | Reached skill level 15 in Dodging
 22212 | D:14     | Reached XP level 16. HP: 93/152 MP: 15/15
 22552 | D:14     | Found an ornate altar of the Wu Jian Council.
 23025 | Orc:2    | Bought a ring of flight for 227 gold pieces
 23179 | Shoals:1 | Entered Level 1 of the Shoals
 23625 | Shoals:1 | Received a gift from Trog
 23731 | Shoals:1 | Noticed a kraken
 23739 | Shoals:1 | Killed a kraken
 24496 | Shoals:2 | HP: 3/154 [faun/sling bullet[a satyr] (17)]
 24496 | Shoals:2 | Mangled by a faun

Illustrated notes

Levels and vault maps discovered:
D:1:      eino_arrival_cavern_e, layout_basic, chequers_decorated_corner,
          lexackson_kobold_supper
D:2:      layout_loops_ring, serial_glass, glass_columns_c, glass_columns_a,
          basic_altar
D:3:      layout_basic, eat_drink_and_be_merry_uskayaw, serial_shops,
          nicolae_lakefront_shop
D:4:      minmay_thinvault, layout_basic, jmf_multi_god_temple,
          minmay_temple_entry_from_below_a, serial_shops, nicolae_square_shop,
          kennysheep_generic_room_15
D:5:      layout_basic, portal_sewer_entry_c, uniq_edmund
D:6:      layout_cave_pods, worldfamousw_hep_ancestral_shrine,
          chequers_serial_rivers_micro_d, uniq_blork_the_orc
D:7:      layout_gridville
D:8:      layout_loops_cross, kennysheep_decorative_pillar, uniq_maggie,
          uniq_pikel
D:9:      layout_stronghold, grunt_lair_entry_orc_guard_hut,
          minmay_fractal_squares_diagonal_5
D:10:     layout_rooms, lemuel_tele_altar
D:11:     dragon1_lemuel, layout_loops_corners, erik_orc_3, uniq_harold
D:12:     layout_roguey, hangedman_decor_push, kennysheep_generic_room_11
D:13:     minmay_the_grid_plus [minmay_the_grid_spin_star,
          minmay_the_grid_armoury, minmay_the_grid_large_cup,
          minmay_the_grid_broken_lines, minmay_the_grid_prize_shrinking_boxes],
          layout_grid_maze, david_vaults_2, uniq_urug, uniq_nessos, uniq_sonja,
          uniq_maurice
D:14:     minmay_dotted_concentric_squares, layout_small_grid,
          nzn_wu_jian_contemplation
Lair:1:   layout_cave_pods, gammafunk_ghost_hydra_chop
Lair:2:   layout_roguey, elwin_shoals_entry_stream,
          chequers_serial_rivers_micro_c, grunt_megastairs_5
Lair:3:   layout_regular_city, minmay_snake_entry_guardpost_medium, st_stairs_3,
          serial_bayou_shore_b, uniq_fannar
Lair:4:   layout_roguey
Lair:5:   evilmike_catoblepas_cave, layout_loops_ring, slime_entry_1,
          gammafunk_lair_bear_cave
Shoals:1: layout_shoals, nicolae_shoals_land_atoll,
          nicolae_shoals_lost_giant_temple
Shoals:2: layout_shoals, uniq_roxanne
Orc:1:    layout_caves, portal_ice_cave_entry_ice_simulacra
Orc:2:    st_orc_open, layout_diamond_mine, uniq_snorg, uniq_jorgrun

Skill      XL: |  1  2  3  4  5  6  7  8  9 10 11 12 13 14 15 |
---------------+----------------------------------------------+-----
Fighting       | 4 5 6 7 9 10 12 13 14 15 16 | 16.8
Axes           | 4 5 6 7 9 10 12 13 14 15 16 | 16.9
Armour         | 3 4 5 6 7 9 10 11 13 14 15 16 | 16.6
Dodging        | 3 4 5 6 8 9 10 11 13 14 15 | 15.4
Shields        | 4 7 9 11 13 | 13.3

Action                     |  1- 3 |  4- 6 |  7- 9 | 10-12 | 13-15 | 16-18 || total
---------------------------+-------+-------+-------+-------+-------+-------++-------
  Melee: Hand axe          |    80 |    14 |       |       |       |       ||    94
         Headbutt          |    13 |    13 |    25 |    82 |   162 |    28 ||   323
         War axe           |       |    93 |       |       |       |       ||    93
         Broad axe         |       |     8 |   202 |   356 |   696 |    99 ||  1361
         Punch             |       |       |     1 |       |       |       ||     1
         Whip              |       |       |       |     5 |       |       ||     5
 Invoke: Berserk           |     1 |     3 |     2 |     6 |    19 |     1 ||    32
         Trog's Hand       |       |       |       |       |     7 |       ||     7
         Brothers in Arms  |       |       |       |       |     3 |       ||     3
    Use: Scroll            |       |     5 |       |     5 |    22 |       ||    32
 Armour: Animal skin       |    11 |       |       |       |       |       ||    11
         Chain mail        |    14 |    65 |    97 |   112 |   232 |       ||   520
         Plate armour      |       |       |     5 |    59 |   100 |       ||   164
         Gold dragon scale |       |       |       |       |    82 |    45 ||   127
  Dodge: Dodged            |    51 |    64 |   105 |   234 |   557 |    42 ||  1053
  Block: Buckler           |       |       |       |    67 |   322 |     8 ||   397
         Reflection        |       |       |       |       |     7 |    16 ||    23
         Kite shield       |       |       |       |       |       |    96 ||    96
